Map: Катализатор РВ

Players

Elazer - Winner!

  • Race: Zerg Zerg
  • Spawn Location: 11:00

bly

  • Race: Zerg Zerg
  • Spawn Location: 5:00

Event: WESG 2017 Haikou

VOD

Have the link to the VOD?

Description

Time

  • Played on: March 15, 2018, 11:46 p.m.
  • Length: 4:07

All games in this series

Show
View Real Time Build Order
Export as new Build Order

Elazer Zerg - Winner!

Build Orders: Hatch First 

Get SALT Encoding   

  12  0:00  Drone  
  13  0:12  Overlord  
  13  0:17  Drone  
  14  0:30  Drone x2  
  16  0:48  Hatchery  
  15  0:51  Drone  
  15  0:55  Drone  
  17  0:59  Drone  
  18  1:09  Extractor  
  17  1:13  Spawning Pool  
  17  1:17  Drone  
  17  1:20  Drone  
  18  1:28  Drone  
  19  2:00  Queen, Zergling x8  
  25  2:01  Queen  
  27  2:11  Metabolic Boost  
  27  2:13  Zergling x2  
  28  2:16  Overlord  
  27  2:29  Drone x2  
  25  2:33  Drone  
  25  2:39  Drone  
  25  2:44  Drone  
  27  2:48  Zergling x2  
  28  2:54  Overlord  
  28  2:55  Zergling x2  
  29  3:05  Zergling x4  
  31  3:10  Zergling x6  
  34  3:14  Zergling x4  
  34  3:16  Zergling x2  
  37  3:24  Zergling x4  
  39  3:32  Zergling x2  
  39  3:33  Zergling x2  
  41  3:43  Zergling x4  
  41  3:47  Zergling x2  
Show
View Real Time Build Order
Export as new Build Order

bly Zerg 

Build Orders: Pool First 

Get SALT Encoding   

  12  0:19  Spawning Pool  
  11  0:22  Drone  
  11  0:28  Drone  
  13  0:33  Drone  
  14  0:43  Overlord  
  14  1:06  Zergling x6  
  17  1:17  Zergling x2  
  18  1:21  Hatchery  
  17  1:27  Zergling x2  
  18  1:34  Queen  
  18  1:39  Zergling x2  
  21  1:51  Overlord  
  22  2:01  Drone  
  22  2:10  Queen  
  24  2:23  Drone x2  
  23  2:37  Drone x2  
  23  2:38  Queen  
  23  2:43  Drone x3  
  28  2:45  Drone  
  28  2:51  Drone  
  30  2:58  Overlord  
  30  3:01  Drone  
  30  3:04  Extractor  
  29  3:07  Drone x2  
  31  3:14  Queen  
  31  3:17  Drone  
  31  3:18  Drone  
  35  3:25  Roach Warren  
  34  3:29  Evolution Chamber  
  33  3:36  Drone x3  
  33  3:41  Evolution Chamber  
  35  3:50  Zergling x4  
Tags
 
Add a new tag
Caveats
  • Supply blocks, unpowered buildings, or Contaminate may cause inaccurate times.
  • Supply counts are checked every 10 seconds.